[Event "*** SCC Grand Prix: Titled Tuesday Blitz"]
[Site "Chess.com"]
[Date "2020.08.11"]
[Round "4"]
[White "chess94cu"]
[Black "Kotofeyca"]
[Result "1-0"]
[WhiteElo "2592"]
[BlackElo "2300"]
[TimeControl "180+1"]
[EndTime "10:41:08 PDT"]
[Termination "chess94cu won by resignation"]

1. d4 d5 2. c4 c6 3. Nf3 Nf6 4. e3 a6 5. Bd3 Bg4 6. Qb3 b5 7. cxd5 Bxf3 8. gxf3 cxd5 9. a4 bxa4 10. Qxa4+ Nfd7 11. Nc3 e6 12. Bd2 Bd6 13. e4 O-O 14. e5 Be7 15. f4 Nb6 16. Qc2 g6 17. Na4 Nc4 18.
Bxc4 dxc4 19. Qxc4 Nd7 20. Rc1 Nb6 21. Nxb6 Qxb6 22.
Bc3 Rac8 23. Qe2 a5 24. O-O a4 25. Rfd1 Qb3 26. Be1 Rxc1 27. Rxc1 Rd8 28. Rc4 Rb8 29.
Rc2 Bf8 30. Kg2 Bh6 31. Rc4 Qb7+ 32. Qf3 Qb5 33. Rb4 Qe8 34. Rxb8 Qxb8 35. f5 gxf5 36.
Bc3 Bc1 37. Qe2 Qb7+ 38. f3 Qb3 39. Qe1 f4 40. Qxc1 Qc4 41. Qxf4 Qe2+ 42. Kh3 Qf1+ 43. Kh4 Kf8 44. Qg3 Qd3 45. Bb4+ Ke8 46. Qg8+ Kd7 47. Qxf7+ Kc6 48. Qxe6+ Kb5 49. Bc3 Qxf3 50. Qd7+ Kc4 51.
Qc7+ Kb3 52. e6 Qe4+ 53. Kh3 Qxe6+ 54. Kg3 Qe3+ 55. Kg4 Qe4+ 56. Qf4 Qg2+ 57. Kh4 a3 58. bxa3 Kxc3 59. Qg3+ Qxg3+ 60. hxg3 Kxd4 61. Kh5 Kc4 62. Kh6 Kb3 63. Kxh7 Kxa3 64. g4 Kb4 65. g5 Kc5 66. g6 Kd6 67. g7 Ke7 68. g8=Q 1-0

[Event "*** SCC Grand Prix: Titled Tuesday Blitz"]
[Site "Chess.com"]
[Date "2020.08.11"]
[Round "4"]
[White "barbara25"]
[Black "Caterpiller35"]
[Result "1-0"]
[WhiteElo "2211"]
[BlackElo "2401"]
[TimeControl "180+1"]
[EndTime "10:41:08 PDT"]
[Termination "barbara25 won by resignation"]

1. e4 c5 2. Nf3 Nc6 3. Bb5 g6 4. O-O Bg7 5. Re1 Nf6 6. c3 O-O 7.
d4 d5 8. e5 Ne4 9. Nbd2 Bf5 10. Nf1 Qb6 11. Bxc6 bxc6 12. Ng3 cxd4 13. cxd4 Nxg3 14.
hxg3 c5 15. dxc5 Qxc5 16. Be3 Qb5 17. b3 Bg4 18. Bd4 e6 19. Qd2 Bxf3 20. gxf3 a5 21. Qe2 Rfb8 22. Qxb5 Rxb5 23. f4 a4 24. bxa4 Rxa4 25.
Red1 Bf8 26. Rd2 h6 27. Rc1 Rba5 28. Rc8 Kg7 29. Rcc2 g5 30. fxg5 hxg5 31. Kg2 Kg6 32. f3 Bb4 33. Re2 Be7 34. Ba1 g4 35. f4 Ra3 36.
Bd4 Rd3 37. Bf2 Raa3 38. Rc8 Kg7 39. Rc7 Bd8 40. Rd7 Ba5 41. f5 exf5 42. e6 Bb4 43.
Rxf7+ Kg6 44. Rb7 Bd6 45. e7 Bxe7 46. Rbxe7 Rf3 47. R2e6+ Kg5 48. Be3+ f4 49. Bxf4+ Kf5 50. Re5+ Kf6 51. Re2 d4 52. Rd7 d3 53. Rd2 Rc3 54.
Rd6+ Kf5 55. Rd4 Ra3 56. Rd8 Rc3 57. Rf8+ Ke4 58. Re8+ Kd5 59. a4 Ra3 60. a5 Kc4 61. Rc8+ Kb5 62. Rg8 Kc4 63. Rxg4 Rxf4 64. Rxf4+ Kc3 65.
Rff2 Rxa5 66. g4 Rg5 67. Kg3 1-0

[Event "*** SCC Grand Prix: Titled Tuesday Blitz"]
[Site "Chess.com"]
[Date "2020.08.11"]
[Round "4"]
[White "HanSchut"]
[Black "NotFischer"]
[Result "1/2-1/2"]
[WhiteElo "2312"]
[BlackElo "2095"]
[TimeControl "180+1"]
[EndTime "10:41:14 PDT"]
[Termination "Game drawn - insufficient material"]

1. e4 d5 2. exd5 Nf6 3. Bb5+ Nbd7 4. Be2 Nxd5 5. d4 N7b6 6. c4 Nf6 7. Nc3 Bf5 8. Be3 e6 9. Rc1 Bb4 10. a3 Bxc3+ 11.
Rxc3 Ne4 12. Rc1 O-O 13. Nf3 Qe7 14. O-O c5 15. Qb3 Rfd8 16. Rfd1 Nd7 17. d5 exd5 18. cxd5 b6 19. Bb5 Ndf6 20. Bc6 Rac8 21. Re1 Qc7 22. Ng5 h6 23. Nxe4 Bxe4 24. g3 Bxd5 25. Bxd5 Nxd5 26.
Bd2 Qc6 27. Qf3 Nf6 28. Qxc6 Rxc6 29. Bc3 Nd5 30. Rcd1 Rcd6 31. Be5 R6d7 32. Rc1 f6 33.
Bc3 Kf7 34. b4 cxb4 35. Bxb4 a5 36. Bd2 Ne7 37. Be3 Nd5 38. Rb1 Rd6 39. a4 Re8 40.
Red1 Ree6 41. Rb5 Nc3 42. Rxd6 Rxd6 43. Rxb6 Rxb6 44. Bxb6 Nxa4 45. Bxa5 Nc5 46. Bd2 Ne6 47. Kf1 f5 48. f3 h5 49. Ke2 g6 50. h3 Ng7 51.
Be3 Ke6 52. Kd3 Ne8 53. f4 Nf6 54. Bf2 Ne4 55. Be1 Kd6 56. Ke3 Kd5 57. Kf3 Kc4 58. g4 Kd3 59. gxh5 gxh5 60. h4 Nf6 61. Bf2 Nd5 62.
Bg3 Nc3 63. Bf2 Ne4 64. Be1 Kc2 65. Bf2 Kd2 66. Bg3 Kd1 67. Bh2 Kd2 68. Bg1 Kd1 69. Bh2 Ke1 70. Bg1 Kf1 71. Bb6 Nd2+ 72. Ke3 Nc4+ 73.
Kd4 Nxb6 74. Ke5 Kg2 75. Kxf5 Kg3 76. Kg5 Kf3 77. f5 Nd5 78. Kxh5 Kf4 79. Kg6 Kg4 80. h5 Nf4+ 81. Kh6 Nxh5 82. f6 Nxf6 1/2-1/2

[Event "*** SCC Grand Prix: Titled Tuesday Blitz"]
[Site "Chess.com"]
[Date "2020.08.11"]
[Round "4"]
[White "Fh2411"]
[Black "SergeyKarjakin"]
[Result "0-1"]
[WhiteElo "2561"]
[BlackElo "2975"]
[TimeControl "180+1"]
[EndTime "10:41:16 PDT"]
[Termination "SergeyKarjakin won on time"]

1. d4 Nf6 2. Nf3 d5 3. Bf4 g6 4. e3 Bg7 5. h3 O-O 6. Bd3 c5 7.
c3 b6 8. Nbd2 Nc6 9. O-O Bb7 10.
Re1 e6 11. Qe2 Nd7 12. Bd6 Re8 13. Bb5 a6 14. Bxc6 Bxc6 15. Ne5 Bb5 16. Qf3 Nxe5 17. Bxe5 f6 18. Bg3 a5 19. Rac1 Rc8 20.
dxc5 Rxc5 21. e4 Bc6 22. Qe3 dxe4 23. Nxe4 Rd5 24. f3 f5 25. Nf2 e5 26. Bh2 f4 27. Qe2 Qd7 28. Ne4 Rd8 29. Kh1 Rd3 30.
Bg1 Qb7 31. Rcd1 Bxe4 32. fxe4 Rxd1 33. Rxd1 Rxd1 34. Qxd1 Qxe4 35. Qd8+ Bf8 36. Qxb6 f3 37. Qe6+ Kg7 38. gxf3 Qxf3+ 39. Kh2 Qf4+ 40. Kh1 Qe4+ 41. Kh2 Qf4+ 42. Kh1 h5 43. Qd5 e4 44. Bd4+ Kh6 45.
Qc4 Qc1+ 46. Kg2 Qxb2+ 47. Bf2 Qc2 48. Qd4 Bg7 49. Qe3+ Kh7 50. Kg1 Bxc3 51. Qa7+ Kh6 52. Be3+ g5 53. Qa6+ Kg7 54. Qa7+ Kg6 55. Qa6+ Kf7 56.
Qb7+ Kg6 57. Qc6+ Kf5 58. Qd7+ Ke5 59. Qe7+ Kd5 60. Qxg5+ Kc4 61. Qxh5 Kd3 62. Bf2 Qb1+ 63. Kg2 Qxa2 64. Qg5 Qd2 65. Qxd2+ Bxd2 66. h4 a4 67. Bg3 a3 68. Be5 e3 69. Kf3 e2 0-1

[Event "*** SCC Grand Prix: Titled Tuesday Blitz"]
[Site "Chess.com"]
[Date "2020.08.11"]
[Round "4"]
[White "Siemba"]
[Black "XDPS"]
[Result "0-1"]
[WhiteElo "2471"]
[BlackElo "2655"]
[TimeControl "180+1"]
[EndTime "10:41:17 PDT"]
[Termination "XDPS won by resignation"]

1. e4 e5 2. Nf3 Nc6 3. Nc3 Nf6 4. d4 exd4 5. Nxd4 Bb4 6. Nxc6 bxc6 7. Bd3 d5 8. exd5 O-O 9. O-O cxd5 10. h3 c6 11. Qf3 Re8 12. Bf4 Bd6 13. Rfe1 Be6 14. Rad1 Rb8 15. b3 Qc7 16. Bxd6 Qxd6 17. Ne2 c5 18. Nf4 a5 19. Bc4 Red8 20. Nxd5 Nxd5 21. Bxd5 Bxd5 22. Rxd5 Qxd5 23. Re8+ Rxe8 24. Qxd5 Rec8 25. Qd2 a4 26. bxa4 Rb4 27. a5 Rd4 28. Qc3 Ra4 29. a3 Ra8 30.
Qxc5 R4xa5 31. Qd6 Rxa3 32. c4 R3a6 33. Qd7 R6a7 34.
Qc6 Ra6 35. Qb5 Re6 36. Qb7 Rae8 37. c5 R6e7 38. Qa6 Rc7 39. Qd6 Rec8 40. Qd4 Rxc5 41. h4 h6 42. g3 R5c6 43. Kg2 Re6 44. Qd5 Rce8 45. Qd3 Rf6 46. Qb5 Rfe6 47. Qd3 Re5 48. Qc4 h5 49. Qd3 g6 50. Qc4 R8e6 51. Qc8+ Kg7 52. Qc3 Kg8 53. Qc8+ Re8 54. Qc4 Rf5 55. Qd3 Re6 56. Qc4 Ref6 57. f4 Re6 58. Qc8+ Kh7 59. Qc4 Re7 60. Qb4 Re2+ 61. Kf3 Re6 62. Qc4 Ra5 63. Kg2 Ra7 64. Kf3 Rae7 65. Kf2 Re4 66. Qd3 Kg8 67. Kf3 Re1 68. Kf2 R1e6 69. Kf3 Kg7 70. Qd4+ Kh7 71. Qd3 Rc7 72. Kf2 Rec6 73.
Qd5 Rc2+ 74. Kf3 R7c3+ 75. Ke4 f5+ 76. Ke5 Rc5 0-1

[Event "*** SCC Grand Prix: Titled Tuesday Blitz"]
[Site "Chess.com"]
[Date "2020.08.11"]
[Round "4"]
[White "Danfii"]
[Black "Yoshikrov"]
[Result "1-0"]
[WhiteElo "2358"]
[BlackElo "2133"]
[TimeControl "180+1"]
[EndTime "10:41:17 PDT"]
[Termination "Danfii won on time"]

1. e4 c5 2. Nf3 d6 3. d4 cxd4 4. Nxd4 Nf6 5. Nc3 a6 6. Be3 e5 7. Nb3 Be6 8. h3 h5 9. Be2 g6 10. O-O Nbd7 11. a4 Qc7 12. a5 Be7 13. Nd5 Bxd5 14.
exd5 O-O 15. Ra4 Rac8 16. c3 Rfe8 17. Qd2 Bf8 18. Rb4 Rcd8 19. Rc1 Nc5 20. c4 Nfe4 21. Qe1 Rb8 22. f3 Nxb3 23. Rxb3 Nc5 24. Rbc3 Qxa5 25. Ra1 Qd8 26. b4 Nd7 27. Qf2 Bg7 28. Rac1 e4 29. Bd4 e3 30. Bxe3 Bxc3 31. Rxc3 Qe7 32. Bf1 Rbc8 33. Bd4 Qe1 34. Qc2 b6 35. Bf2 Qe5 36. Qd2 Qe7 37. Bd4 Ne5 38. f4 Nd7 39. f5 Ne5 40. Bxb6 Qf6 41. Bd4 Qxf5 42. c5 dxc5 43. bxc5 h4 44. d6 Red8 45. Re3 Nc6 46. Ba1 Qxc5 47. Kh1 Re8 48. Qb2 Nd4 49. Qxd4 Qxd4 50.
Bxd4 Rxe3 51. Bxe3 Rd8 52. Bc5 Kg7 53. Bxa6 Kf6 54.
Bb5 Ke6 55. d7 Rxd7 56. Bxd7+ Kxd7 57. Bf2 Ke6 58. Bxh4 g5 59. Bf2 f5 60. Kh2 Ke5 61.
Kg3 Ke4 62. Bb6 Ke5 63. Kf3 Kf6 64. Bd8+ Kg6 65. g4 f4 66. Ke4 Kh6 67. Bc7 Kg6 68. Bxf4 gxf4 69. Kxf4 1-0

[Event "*** SCC Grand Prix: Titled Tuesday Blitz"]
[Site "Chess.com"]
[Date "2020.08.11"]
[Round "4"]
[White "IMTominho"]
[Black "Infernal_XaM"]
[Result "1-0"]
[WhiteElo "2775"]
[BlackElo "2908"]
[TimeControl "180+1"]
[EndTime "10:41:18 PDT"]
[Termination "IMTominho won by resignation"]

1. d4 Nf6 2. c4 e5 3. dxe5 Ng4 4. Nh3 Nxe5 5. e3 d6 6. Nf4 g6 7. Nc3 Bg7 8. Qd2 O-O 9. b3 Na6 10. Bb2 Nc5 11. Be2 a5 12. Rd1 Re8 13. O-O Bf5 14. Rfe1 a4 15. b4 a3 16. Ba1 Ne4 17.
Nxe4 Bxe4 18. f3 Bf5 19. e4 Bd7 20. Nd3 Nxc4 21. Qc1 Ne5 22. Nxe5 Bxe5 23. Bxe5 Rxe5 24. Rd2 Qh4 25. Bf1 Rh5 26. g3 Qd8 27. Rc2 c6 28. Rd1 Qb6+ 29. Kh1 Qxb4 30. Qf4 d5 31. g4 Rh4 32.
Qg5 Rxg4 33. fxg4 Qxe4+ 34. Rg2 Be6 35. Qf6 Bxg4 36. Bd3 Qf3 37. Rf1 Qxf6 38. Rxf6 Be6 39. h4 Kg7 40. Rf3 Ra4 41. Rh2 Rd4 42. h5 gxh5 43. Rxh5 h6 44. Rg3+ Bg4 45. Rh4 h5 46. Rxh5 Kf6 47. Rh6+ Kg5 48. Rh8 f5 49. Bf1 Kf4 50.
Rxa3 Rd1 51. Kg2 Rd2+ 52. Kg1 Bf3 53. Rh4+ Bg4 54. Rh8 d4 55. Rh2 Rd1 56. Rf2+ Ke5 57. Kg2 c5 58. Be2 Bxe2 59. Rxe2+ Kd5 60. Rb3 Kc6 61.
Re6+ Kd5 62. Re2 Kc6 63. Re6+ Kd5 64. Re7 Rd2+ 65. Kf3 Rxa2 66. Rbxb7 Kc4 67. Rbc7 d3 68.
Re5 Ra5 69. Ke3 f4+ 70. Kxf4 Kd4 71. Rd7+ Kc3 72. Ke3 Kc2 73. Rxd3 c4 74. Rxa5 cxd3 75. Rc5+ Kb3 76. Rd5 1-0

[Event "*** SCC Grand Prix: Titled Tuesday Blitz"]
[Site "Chess.com"]
[Date "2020.08.11"]
[Round "4"]
[White "seorobert1971"]
[Black "ArjunErigaisi2003"]
[Result "1/2-1/2"]
[WhiteElo "2739"]
[BlackElo "3018"]
[TimeControl "180+1"]
[EndTime "10:41:27 PDT"]
[Termination "Game drawn - insufficient material"]

1. c4 e6 2. Nc3 d5 3. d4 c6 4. e3 Nf6 5. Nf3 Nbd7 6. Qc2 Bd6 7. b3 O-O 8. Be2 b6 9. O-O Bb7 10. Bb2 Qe7 11. Rac1 Rac8 12. Rfd1 Rfd8 13. Qb1 a6 14. Qc2 h6 15. Qb1 c5 16. cxd5 Nxd5 17. Nxd5 Bxd5 18.
Bxa6 Bxf3 19. gxf3 Qg5+ 20. Kf1 Ra8 21. Bb7 Rab8 22. f4 Qh5 23. Bg2 Qxh2 24. Qe4 Qh5 25. Qf3 Qf5 26. Qe4 Qh5 27. Qf3 Qg6 28. Qg3 Qf6 29.
dxc5 Qxb2 30. cxd6 Nc5 31. f5 exf5 32. Bd5 Rd7 33. Bc6 Ne4 34. Bxe4 fxe4 35. Qf4 Qxa2 36. Qxe4 Qxb3 37. Rd4 Rbd8 38. Qc6 b5 39. Rcd1 b4 40. Qc5 g6 41. Kg2 Qa3 42. Rxb4 Qa8+ 43. Kg1 Qf3 44. Rbd4 h5 45. Qd5 Qf6 46. Kg2 Kg7 47.
Qf3 Qe6 48. Qg3 Qf6 49. Rd5 Re8 50. R1d4 Re6 51. Rf4 Qd8 52. Rfd4 Qa8 53. Kg1 Qa1+ 54. Kg2 Qa8 55. Kg1 Qe8 56. Kg2 Rb7 57. d7 Qd8 58. Kg1 Re7 59. Qh3 f5 60. e4 Rbxd7 61. Rxd7 Rxd7 62. Rxd7+ Qxd7 63. exf5 Qxf5 64. Qxf5 gxf5 65. Kg2 Kf6 66. Kg3 Ke5 67. Kh4 Ke4 68. Kxh5 Kf4 69. Kg6 Kg4 70. Kf6 f4 71. Ke5 Kf3 72. Kf5 Kxf2 73.
Kxf4 1/2-1/2

[Event "*** SCC Grand Prix: Titled Tuesday Blitz"]
[Site "Chess.com"]
[Date "2020.08.11"]
[Round "4"]
[White "Srisshhhtea"]
[Black "nikitakhoroshev"]
[Result "1-0"]
[WhiteElo "2346"]
[BlackElo "2532"]
[TimeControl "180+1"]
[EndTime "10:41:31 PDT"]
[Termination "Srisshhhtea won by resignation"]

1. d4 Nf6 2. c4 d6 3. Nc3 e5 4.
Nf3 Nbd7 5. Bg5 Be7 6. e3 h6 7. Bh4 c6 8. Be2 O-O 9. O-O Re8 10. Qc2 exd4 11. Nxd4 Nc5 12. Rad1 a5 13. Nf5 Bxf5 14. Qxf5 Qb6 15. Rd2 g6 16. Qc2 Nfe4 17. Nxe4 Bxh4 18. Nxd6 Red8 19. Rfd1 Be7 20. Ne4 Rxd2 21. Rxd2 Rd8 22. Rxd8+ Qxd8 23. Nxc5 Bxc5 24. g3 Qf6 25. h4 h5 26. Kg2 Kg7 27. Bf3 Bb4 28. a3 Bc5 29.
Qb3 Qe7 30. Qc3+ Qf6 31. Qxa5 b6 32. Qd2 Bd6 33. b4 c5 34. Bd5 Be5 35. bxc5 bxc5 36.
a4 Bc3 37. Qc2 Be1 38. Qe2 Bb4 39. Qf3 Qe7 40. Qf4 Be1 41. Kf1 Bb4 42. Kg2 Be1 43. Qe4 Qf6 44. Qf3 Qe7 45. Kf1 Bb4 46. Kg1 Bc3 47.
Bc6 Bb4 48. Bb5 Qe5 49. Kg2 Qb2 50. Be8 f5 51. Qb7+ Kh6 52. Qf7 Qg7 53. Qe6 Bc3 54. Bc6 Qf6 55. Qxf6 Bxf6 56. a5 Bd8 57. a6 Bb6 58. Kf3 Kg7 59. Kf4 Bc7+ 60. Kf3 Bb8 61. Be8 Kf6 62. Ke2 Ba7 63. Kd3 g5 64. hxg5+ Kxg5 65. Ke2 h4 66. gxh4+ Kxh4 67. Kd3 Kg5 68.
f3 Kf6 69. e4 f4 70. Bh5 Ke5 71. Kc3 Bb8 72. Kb3 Kd6 73. Ka4 Kc6 74. Be8+ Kb6 75.
Bb5 Be5 76. Kb3 Ka7 77. Kc2 Kb6 78. Kd1 Bb8 79. Ke2 Kc7 80. Kf1 Kd6 81. Kg2 Ke5 82. Kh3 Kf6 83. Kg4 Kg6 84. Bc6 Kf6 85. Bb7 Kg6 86.
e5 1-0

[Event "*** SCC Grand Prix: Titled Tuesday Blitz"]
[Site "Chess.com"]
[Date "2020.08.11"]
[Round "4"]
[White "DrVelja"]
[Black "wonderfultime"]
[Result "0-1"]
[WhiteElo "2767"]
[BlackElo "2980"]
[TimeControl "180+1"]
[EndTime "10:41:42 PDT"]
[Termination "wonderfultime won on time"]

1. e4 c5 2. Nf3 Nf6 3. e5 Nd5 4.
Nc3 e6 5. Nxd5 exd5 6. d4 Nc6 7. c3 d6 8. Bb5 Be7 9. exd6 Bxd6 10. Qe2+ Be6 11. dxc5 Bxc5 12. Be3 Bxe3 13. Qxe3 O-O 14. O-O Re8 15. Rfe1 h6 16. Bxc6 bxc6 17. Qc5 Qb6 18. b4 Qxc5 19. bxc5 Rab8 20. Nd4 Bd7 21. Reb1 Kf8 22. f3 f5 23. Kf2 f4 24. Rb3 g5 25.
Rab1 Rxb3 26. axb3 Re3 27. Rc1 a5 28. g3 Be8 29.
gxf4 gxf4 30. Nf5 Re5 31. Nd4 Re3 32. Nf5 Re5 33. Nd4 Re7 34. Re1 Rb7 35. Ra1 Ra7 36. Ra4 Re7 37. Rxa5 Re3 38. Ra8 Rxc3 39. Nf5 Rc2+ 40.
Ke1 Rc3 41. Nd6 Rxb3 42. Rxe8+ Kg7 43. Kf2 Rb2+ 44. Re2 Rb3 45. Rc2 Kf6 46. Re2 Rc3 47. Nb7 d4 48. Re4 Rc2+ 49. Ke1 d3 50. Rxf4+ Ke5 51.
Re4+ Kd5 52. Kd1 Rxh2 53. Nd8 Kxc5 54. Ne6+ Kd6 55. Nf4 d2 56. Ne2 Rf2 57. Re3 h5 58.
Kxd2 h4 59. f4 Kd5 60. Re5+ Kd6 61. Rh5 Rh2 62. Ke3 c5 63. Nc3 Rh3+ 64. Kd2 c4 65.
Ne4+ Ke7 66. Re5+ Kf8 67. Rf5+ Kg7 68. Rg5+ Kh6 69. Kc2 Rf3 70. Rg4 h3 71. Rh4+ Kg6 72. Ng5 Rf2+ 73. Kc3 h2 74. Kxc4 Rxf4+ 75. Rxf4 h1=Q 0-1

[Event "*** SCC Grand Prix: Titled Tuesday Blitz"]
[Site "Chess.com"]
[Date "2020.08.11"]
[Round "4"]
[White "RaunakSadhwani2005"]
[Black "DenishevM"]
[Result "1-0"]
[WhiteElo "2952"]
[BlackElo "2557"]
[TimeControl "180+1"]
[EndTime "10:41:43 PDT"]
[Termination "RaunakSadhwani2005 won on time"]

1. d4 Nf6 2. Bf4 e6 3. e3 d5 4. Nf3 Bd6 5. Bd3 O-O 6. Nbd2 c5 7. c3 Qc7 8. Bxd6 Qxd6 9. Ne5 b6 10. f4 Bb7 11.
Qf3 Nbd7 12. O-O Rfe8 13. g4 Nf8 14. g5 N6d7 15. Qh5 Ng6 16. Rf3 f5 17. Nxg6 hxg6 18. Qxg6 Nf8 19. Qh5 g6 20. Qh4 Re7 21. Qf2 Rh7 22.
Rg3 Kf7 23. Nf3 Nd7 24. h4 Rah8 25. Rh3 cxd4 26. cxd4 Qb4 27. Kg2 Bc6 28. Qe2 Ke7 29. Rah1 Qa5 30. a3 Qa4 31. Nd2 b5 32. h5 Rxh5 33. Rxh5 Rxh5 34. Rxh5 gxh5 35. Qxh5 b4 36. g6 Nf6 37. Qe2 bxa3 38. bxa3 Be8 39. Nf3 Bxg6 40.
Ne5 Bh5 41. Qb2 Qd1 42. Qc2 Qxc2+ 43. Bxc2 Be8 44. Kf2 Nd7 45. Nf3 Kd6 46. Ke1 Nb6 47. Bd3 Ba4 48. Kd2 Bb3 49. Kc3 Bc4 50. Bc2 Bb5 51.
Bb3 Ba4 52. Ba2 a5 53. Ne5 Be8 54. Bb3 Ba4 55. Ba2 Be8 56. Bb1 Na4+ 57. Kd2 Nb6 58. Bd3 Ba4 59. Ke1 Be8 60. Kf2 Na4 61. Kg3 Nb2 62.
Be2 Na4 63. Kh4 Nc3 64. Bd3 Bb5 65. Bc2 Ba4 66. Bd3 Bb5 67. Bc2 Ba4 68. Bxa4 Nxa4 69.
Kg5 Nb2 70. Kf6 Nc4 71. Nf7+ Kd7 72. Ne5+ Kd6 73. Nf7+ Kd7 74. Ng5 Nxa3 75. Nxe6 Nc4 76. Nc5+ Kc6 77. Kxf5 Nxe3+ 78. Ke5 Nc4+ 79. Ke6 Ne3 80.
f5 Nxf5 81. Kxf5 Kb5 82. Ke6 Kc4 83. Ke5 1-0

[Event "*** SCC Grand Prix: Titled Tuesday Blitz"]
[Site "Chess.com"]
[Date "2020.08.11"]
[Round "4"]
[White "maximnovik"]
[Black "ViktoriyaTarasova"]
[Result "1-0"]
[WhiteElo "2455"]
[BlackElo "2260"]
[TimeControl "180+1"]
[EndTime "10:41:48 PDT"]
[Termination "maximnovik won by resignation"]

1. d4 Nf6 2. c4 e6 3. Nc3 Bb4 4. e3 O-O 5. Ne2 d5 6. a3 Be7 7. Nf4 c6 8. b3 Nbd7 9. cxd5 cxd5 10. Bd3 a6 11. O-O b5 12. Bd2 Bb7 13. Qe2 Ne4 14. Rfc1 Rc8 15. Be1 Ndf6 16. Qb2 Qb6 17. Na2 Rxc1 18.
Rxc1 Rc8 19. Rxc8+ Bxc8 20. Bb4 Bxb4 21. axb4 Qc7 22. f3 Nd6 23. Qc3 Qxc3 24. Nxc3 g5 25. Nh3 g4 26. Nf2 gxf3 27. gxf3 Nb7 28. Bc2 Nd8 29.
Nd3 Nc6 30. Na2 Kf8 31. Nc5 Ke7 32. Kf2 h6 33. Ke2 Kd6 34. Kd2 e5 35. Kc3 exd4+ 36.
exd4 Nh5 37. Nc1 Nf4 38. Bd3 Kc7 39. Ne2 Nxe2+ 40. Bxe2 Kb6 41. Nd3 Kc7 42. f4 f6 43.
Bf3 Kd6 44. Nf2 Ne7 45. Bg4 Bf5 46. h3 Ke6 47. Bh5 Kd6 48. Bg4 Be6 49. Kd2 Bf5 50. Nd1 Kc6 51. Ne3 Be4 52. Be6 Kd6 53. Bf7 Nc6 54. Kc3 a5 55. bxa5 b4+ 56. Kd2 Nxd4 57.
a6 Nxb3+ 58. Ke2 Kc7 59. Bxd5 Bxd5 60. Nxd5+ Kb8 61. Nxb4 Ka7 62. Ke3 Nc5 63. Kd4 Ne6+ 64. Ke4 Kb6 65. Kf5 Nd4+ 66. Kxf6 Ne2 67. f5 Nf4 68. Kg7 Nxh3 69. f6 Ng5 70. Nd5+ Kxa6 71. Kxh6 Ne6 72. Kg6 Kb7 73. Kf5 Nf8 74. Nf4 Kc8 75.
Ne6 Nd7 76. Kg6 Ne5+ 77. Kg7 Kd7 78. Nf4 Kd6 79. Ng6 Nd7 80. f7 Ke6 81. Nf8+ Nxf8 82. Kxf8 Kf6 83. Kg8 Ke6 84. f8=Q 1-0

[Event "*** SCC Grand Prix: Titled Tuesday Blitz"]
[Site "Chess.com"]
[Date "2020.08.11"]
[Round "4"]
[White "Gulkov_Igor"]
[Black "Iball95"]
[Result "1/2-1/2"]
[WhiteElo "2422"]
[BlackElo "2706"]
[TimeControl "180+1"]
[EndTime "10:41:50 PDT"]
[Termination "Game drawn by repetition"]

1. Nf3 g6 2. e4 c5 3. c4 Nc6 4. d4 cxd4 5. Nxd4 Nf6 6. Nc3 d6 7. Be2 Nxd4 8. Qxd4 Bg7 9. Be3 O-O 10. Qd2 Be6 11. O-O Qa5 12. Rfd1 Rfc8 13. b3 a6 14. Bd4 b5 15. Bxf6 Bxf6 16. Nd5 Qxd2 17. Nxf6+ exf6 18. Rxd2 bxc4 19. Bxc4 Bxc4 20. bxc4 Rxc4 21.
Rxd6 Kg7 22. f3 Rc2 23. a4 Rb8 24. Kh1 Rbb2 25. Rg1 a5 26. Rd5 Ra2 27. Rxa5 h5 28. h4 Rc4 29. Kh2 f5 30. exf5 Rxh4+ 31. Kg3 g5 32. Ra6 Rf4 33. Rh1 h4+ 34. Kh3 Rfxa4 35. Rxa4 Rxa4 36. Rd1 Rf4 37. Rd3 Rxf5 38. g3 hxg3 39. Kxg3 f6 40. Kg4 Kg6 41. Rd6 Rf4+ 42. Kg3 Ra4 43. Rc6 Kf5 44. Rc5+ Ke6 45. Rb5 Rd4 46.
Ra5 Rd5 47. Ra4 Kf5 48. Rb4 Ra5 49. Rc4 Ke5 50. Rb4 Rd5 51. Ra4 Rd4 52. Ra5+ Ke6 53.
Rb5 Kf7 54. Ra5 Kg6 55. Ra8 f5 56. Rg8+ Kf6 57. Rf8+ Ke6 58. Rg8 Kf6 59. Rf8+ Kg7 60. Rxf5 Kg6 61. Re5 Ra4 62. Re4 Ra3 63. Rc4 Kh5 64. Rc8 Ra4 65. Rh8+ Kg6 66. Rg8+ Kf6 67. Rf8+ Kg7 68. Rf5 Kg6 69. Rc5 Rd4 70. Rc6+ Kh5 71. Rc8 Rd1 72. Rh8+ Kg6 73. Rg8+ Kf6 74. Rf8+ Kg7 75.
Rf5 Kg6 76. Rc5 Rg1+ 77. Kf2 Rh1 78. Rc6+ Kh5 79. Rc8 Ra1 80. Kg3 Rg1+ 81. Kh2 Rf1 82. Kg3 Rg1+ 83. Kh2 Ra1 84. Kg3 Kg6 85. Rc6+ Kf5 86.
Rc5+ Kg6 87. Rc6+ Kh5 88. Rc8 1/2-1/2

[Event "*** SCC Grand Prix: Titled Tuesday Blitz"]
[Site "Chess.com"]
[Date "2020.08.11"]
[Round "4"]
[White "GoltsevDmitry2000"]
[Black "Sharpchess22"]
[Result "1-0"]
[WhiteElo "2625"]
[BlackElo "2791"]
[TimeControl "180+1"]
[EndTime "10:41:59 PDT"]
[Termination "GoltsevDmitry2000 won by resignation"]

1. e4 e5 2. Nf3 Nc6 3. Bb5 a6 4. Ba4 Nf6 5. O-O Be7 6. Re1 b5 7. Bb3 d6 8. c3 O-O 9. h3 Nb8 10.
d4 Nbd7 11. Nbd2 c5 12. d5 c4 13. Bc2 Nc5 14. Nf1 Qc7 15. Ng3 Re8 16. b4 cxb3 17.
axb3 Bd7 18. b4 Na4 19. Bxa4 bxa4 20. Bd2 Rec8 21. Qe2 Bb5 22. Qe3 Nd7 23. Nf5 Bd8 24. Nh2 Nb6 25. Ng4 f6 26. Qg3 Nc4 27. Bh6 g6 28. Bg7 Qxg7 29. Nxg7 Kxg7 30. Rec1 Bb6 31. Qh4 Rf8 32. Qh6+ Kg8 33. Qh4 Kg7 34. Qh6+ Kh8 35. Qh4 Ra7 36. Nxf6 Bd8 37. Qh6 Rxf6 38. f3 Raf7 39. Kh1 Rf4 40. Rd1 Be7 41. Ra2 Bf8 42. Qg5 Be7 43. Qh6 Kg8 44. Rda1 a3 45. Rxa3 Nxa3 46.
Rxa3 Bf6 47. Ra1 Rc7 48. Rc1 Bc4 49. Kg1 Rf7 50. Kf2 Rxe4 51. Qd2 Rf4 52. Re1 Bh4+ 53. Kg1 Bxe1 54. Qxe1 e4 55. Qe3 exf3 56. gxf3 Rxf3 57. Qe6 Rf1+ 58. Kg2 Rd1 59. Qxd6 Bxd5+ 60. Kg3 Rd3+ 61. Kh4 Be4 62. Qb8+ Kg7 63. Qe5+ Rf6 64. Qxe4 Rd7 65. Qe5 Rf7 66. c4 h6 67. Kg3 g5 68. c5 Kg6 69.
c6 Rf3+ 70. Kg2 Rf2+ 71. Kg1 Rf1+ 72. Kg2 R7f2+ 73. Kg3 Rf3+ 74. Kg2 R1f2+ 75. Kg1 Rf5 76. Qe6+ Rf6 77. Qe4+ Kh5 78. c7 Rf1+ 79. Kg2 R6f2+ 80.
Kg3 Rf8 81. c8=Q Rxc8 82. Qg4+ Kg6 83. Qxc8 Rf4 84. Qxa6+ Kh5 85. b5 Rb4 86. Qc6 Rb3+ 87. Kg2 1-0

[Event "*** SCC Grand Prix: Titled Tuesday Blitz"]
[Site "Chess.com"]
[Date "2020.08.11"]
[Round "4"]
[White "chigorin28"]
[Black "TioCridineno"]
[Result "1-0"]
[WhiteElo "2420"]
[BlackElo "2202"]
[TimeControl "180+1"]
[EndTime "10:42:00 PDT"]
[Termination "chigorin28 won on time"]

1. e4 c5 2. Nf3 d6 3. c3 Nf6 4.
Be2 e5 5. O-O Nc6 6. d3 Be7 7.
Re1 O-O 8. h3 a6 9. a4 Rb8 10.
Na3 b5 11. axb5 axb5 12. Bf1 h6 13. Be3 Re8 14. Nc2 Qc7 15. b4 Bf8 16. g4 Ne7 17.
Nh4 Ng6 18. Nf5 Nf4 19. Qd2 g5 20. Bg2 Be6 21. Bxf4 gxf4 22. d4 Ra8 23. d5 Bd7 24. Rec1 c4 25. Ne1 Bxf5 26. gxf5 Kh7 27. Ra2 Qb7 28.
Rca1 Be7 29. Kh2 Nd7 30. Bf3 Nb6 31. Bh5 Bf6 32. Nc2 Na4 33. Na3 Rg8 34. Nxc4 Qc7 35.
Na3 Qxc3 36. Nxb5 Qxd2 37. Rxd2 Be7 38. Rda2 Nb6 39. Bxf7 Rgf8 40. Bg6+ Kg7 41. Ra7 Kf6 42. Nc7 Rxa7 43. Rxa7 Rb8 44. b5 Nc8 45. Ne8+ Kg5 46. Rc7 Bf6 47. h4+ Kxh4 48. Nxf6 Kg5 49. Nd7 Ra8 50. Rc6 Ne7 51. Ra6 Rd8 52. Nb6 f3 53.
Kg3 h5 54. Kxf3 h4 55. Kg2 Kf4 56. Ra7 Ng8 57. Ra4 Nf6 58. f3 Rb8 59. Ra6 h3+ 60. Kxh3 Kxf3 61. Kh4 Kf4 62. Kh3 Nxe4 63. Kg2 Nf6 64.
Kf2 e4 65. Nc4 Nxd5 66. Nxd6 e3+ 67. Ke1 Rh8 68. Ra4+ Ke5 69. Nc4+ Kd4 70. Nb6+ Kc5 71. Nxd5 Kxd5 72. Rf4 Rh2 73. Rf3 Rb2 74. Rxe3 Rxb5 75. Kf2 Rb2+ 76. Kf3 Rh2 77. Re6 Rh1 78. Kf4 Rf1+ 79.
Kg5 Rg1+ 80. Kf6 Rf1 81. Re5+ Kd4 82. Ra5 Rg1 83. Kf7 Kd3 84. f6+ Kc3 85. Rd5 Rf1 86. Ke7 Re1+ 87. Kd7 Rf1 88. f7 Kc4 89. Rd6 Kc5 90.
Ke7 Re1+ 91. Re6 Rf1 92. f8=Q 1-0